 Dungeon Crawl Stone Soup version 0.30-a0-972-gf3ab3527aa (webtiles) character file.

Game seed: 9741779606114020794

989 BlueFish the Sneak (level 8, 0/51 HPs)
             Began as an Octopode Transmuter on Mar 31, 2023.
             Slain by an orc
             ... wielding a +0 short sword
              (5 damage)
             ... on level 6 of the Dungeon.
             The game lasted 00:08:43 (4155 turns).

BlueFish the Sneak (Octopode Transmuter)            Turns: 4155, Time: 00:08:44

Health: 0/51       AC:  5    Str: 11    XL:     8   Next: 18%
Magic:  7/12       EV:  8    Int: 15    God:
Gold:   239        SH:  0    Dex: 13    Spells: 2/13 levels left

rFire   . . .      SeeInvis .      - Unarmed
rCold   . . .      Faith    .    (no shield)
rNeg    . . .      Spirit   .    (helmet restricted)
rPois   .          Reflect  .    (no amulet)
rElec   .          Rampage  .    l - +4 ring of protection
rCorr   .                        (no ring)
Will    .....                    (no ring)
Stlth   +++                      (no ring)
HPRegen 0.28/turn                (no ring)
MPRegen 0.13/turn                (no ring)
                                 (no ring)
                                 (no ring)

@: silenced, held
A: almost no armour, amphibious, 8 rings, camouflage 1, gelatinous body 1,
(nimble swimmer 1), tentacles
a: no special abilities


You were on level 6 of the Dungeon.
You visited 1 branch of the dungeon, and saw 6 of its levels.

You collected 239 gold pieces.

Inventory:

Missiles
 c - 41 stones
 j - 9 javelins
 k - 16 poisoned darts
 n - a throwing net
Jewellery
 l - a +4 ring of protection (left tentacle)
Wands
 m - a wand of charming (8)
 p - a wand of flame (37)
 q - a wand of roots (8)
Scrolls
 o - a scroll of teleportation {unknown}
 s - a scroll of enchant weapon {unknown}
Potions
 a - a potion of lignification
 d - a potion of brilliance
 e - a potion of curing
 f - a potion of flight
 g - a potion of invisibility
 i - a potion of heal wounds
 r - 2 potions of attraction {unknown}


   Skills:
 + Level 2.8 Fighting
 + Level 2.4 Throwing
 + Level 3.5 Dodging
 * Level 5.8 Stealth
 + Level 4.2 Unarmed Combat
 + Level 3.2 Spellcasting
 + Level 3.4 Transmutations
 * Level 4.3 Poison Magic


You had 2 spell levels left.
You knew the following spells:

 Your Spells              Type           Power      Damage    Failure   Level
a - Beastly Appendage     Tmut           24%        N/A       4%          1
b - Wereblood             Tmut           12%        N/A       7%          2
c - Spider Form           Tmut/Pois      14%        N/A       12%         3
d - Blade Hands           Tmut           6%         N/A       78%         5

Your spell library contained the following spells:

 Spells                   Type           Power      Damage    Failure   Level
 Portal Projectile        Hex/Tloc       4%         N/A       52%         3
 Tukima's Dance           Hex            2%         N/A       52%         3
 Ice Form                 Ice/Tmut       7%         N/A       67%         4


Dungeon Overview and Level Annotations

Branches:
Dungeon (6/15)
 Temple: D:4-7

Altars:
Dithmenos
Sif Muna


Innate Abilities, Weirdness & Mutations

You cannot wear most types of armour.
You are amphibious.
You can wear up to eight rings at the same time.
Your skin changes colour to match your surroundings (Stealth+).
Your rubbery body absorbs attacks. (AC +1, EV +1)
((You are camouflaged when in or above water. (Stealth+)))
You have tentacles for arms and can constrict up to eight enemies at once.


Message History

* * * LOW HITPOINT WARNING * * *
You feel very sick.
The gnoll shouts!
You hear a shout! x2
The gnoll barely misses you.
Items here: ) [[ †.
You tentacle-slap the gnoll. You grab the gnoll.
The gnoll is moderately wounded.
You constrict the gnoll, but do no damage.
* * * LOW HITPOINT WARNING * * *
You feel very sick. The gnoll closely misses you.
You tentacle-slap the gnoll. You squeeze the gnoll.
You feel a bit better.
You kill the gnoll!
* * * LOW HITPOINT WARNING * * *
You feel very sick.
You feel better.
Your primal bloodlust has ended.
The gnoll hits you with a +0 club.
* * * LOW HITPOINT WARNING * * *
You closely miss the gnoll. You grab the gnoll. You constrict the gnoll.
The gnoll closely misses you.
You tentacle-slap the gnoll but do no damage.
You squeeze the gnoll.
The gnoll is moderately wounded.
You constrict the gnoll.
A gnoll comes into view. It is wielding a +0 flail.
The gnoll hits you with a +0 club.
* * * LOW HITPOINT WARNING * * *
You tentacle-slap the gnoll. You squeeze the gnoll!
You kill the gnoll!
The gnoll throws a throwing net.
The throwing net hits you.
You become entangled in the net!
As you read the scroll labelled SEXTOQIUST, it crumbles to dust.
The creatures around you are filled with an inner flame!
It was a scroll of immolation.
The orc hits you with a +0 short sword.
* * * LOW HITPOINT WARNING * * *
As you read the scroll labelled BOEGID IFAGA, it crumbles to dust.
A profound silence engulfs you.
It was a scroll of silence.
The orc hits you with a +0 short sword.
You die...

#.h #.. g .o.
##.# ##...##
##.# #.#######
#..# #......†#
#ho###)#####.#
#.#@g.## #.#
#.##.## #.#
#.##.# ###
#.##.. #.#####
#.#### #....#
####.# #.#


You could see a black bear (inner flame, unsilenced), a gnoll (inner flame) and
an orc (inner flame).

Vanquished Creatures
  Duvessa (D:4)
  2 black bears (D:5)
  An ogre (D:5)
  A gnoll sergeant (D:6)
  3 scorpions
  Dowan (D:4)
  2 hounds (D:5)
  An orc priest (D:5)
  3 iguanas
  7 gnolls
  2 adders (D:4)
  2 worms (D:3)
  5 dart slugs
  10 orcs
  5 ball pythons
  5 endoplasms
  2 giant cockroaches (D:1)
  8 goblins
  5 hobgoblins
  2 jackals (D:2)
  6 kobolds
  3 quokkas
  A bat (D:1)
  5 frilled lizards
  3 rats
86 creatures vanquished.

Notes
Turn   | Place    | Note
-------+----------+-------------------------------------------
     0 | D:1      | BlueFish the Octopode Transmuter began the quest for the
                  | Orb.
     0 | D:1      | Reached XP level 1. HP: 13/13 MP: 3/3
   188 | D:1      | Reached skill level 1 in Stealth
   288 | D:1      | Reached XP level 2. HP: 12/18 MP: 5/5
   328 | D:1      | Learned a level 2 spell: Wereblood
   651 | D:1      | Found a faded altar of an unknown god.
   838 | D:1      | Reached skill level 2 in Stealth
   841 | D:1      | Reached XP level 3. HP: 19/23 MP: 4/6
   845 | D:1      | Learned a level 3 spell: Spider Form
  1864 | D:3      | Reached skill level 1 in Poison Magic
  2079 | D:3      | Reached XP level 4. HP: 28/28 MP: 7/7
  2201 | D:4      | Noticed a scorpion
  2209 | D:4      | Killed a scorpion
  2210 | D:4      | Reached skill level 3 in Stealth
  2210 | D:4      | Reached XP level 5. HP: 33/33 MP: 4/8
  2315 | D:4      | Reached skill level 1 in Throwing
  2593 | D:4      | Reached XP level 6. HP: 26/39 MP: 5/9
  2692 | D:4      | Identified the +6 falchion of Infinity {freeze, rF+ rN+
                  | SInv}
  2871 | D:4      | Noticed Duvessa
  2871 | D:4      | Noticed Dowan
  2878 | D:4      | Found a shadowy altar of Dithmenos.
  3178 | D:4      | Killed Duvessa
  3179 | D:4      | Reached skill level 4 in Stealth
  3187 | D:4      | Killed Dowan
  3326 | D:5      | Entered Level 5 of the Dungeon
  3426 | D:5      | Noticed a black bear
  3436 | D:5      | Killed a black bear
  3437 | D:5      | Reached XP level 7. HP: 35/45 MP: 6/11
  3564 | D:5      | Reached skill level 5 in Stealth
  3572 | D:5      | Learned a level 5 spell: Blade Hands
  3819 | D:5      | Found a shimmering blue altar of Sif Muna.
  4114 | D:6      | Reached XP level 8. HP: 51/51 MP: 8/12
  4155 | D:6      | Slain by an orc

Illustrated notes

Levels and vault maps discovered:
D:1:      matt_arrival_spirals, layout_loops_ring, ebering_ecumenical_altar_rust
D:2:      layout_loops_ring
D:3:      layout_basic, corexii_corridor_pit
D:4:      layout_loops_cross, nicolae_dithmenos_through_a_glass_darkly,
          uniq_duvessa
D:5:      layout_rooms, led_sif_pool
D:6:      layout_loops_ring, minmay_temple_entry_fiery, serial_shops,
          nicolae_shop_bloodbath_and_beyond, nicolae_shop_hallway_plus,
          nicolae_shop_behind_doors

Skill      XL: |  1  2  3  4  5  6  7 |
---------------+----------------------+-----
Stealth        | 1 2 3 4 5 |  5.8
Poison Magic   | 1 2 3 4 |  4.3
Throwing       | 1 2 |  2.4
Fighting       | 2 |  2.8
Dodging        | 3 |  3.5
Transmutations | 3 |  3.4
Spellcasting   | 3 |  3.2
Unarmed Combat | 4 |  4.2

Action                     |  1- 3 |  4- 6 |  7- 9 || total
---------------------------+-------+-------+-------++-------
  Melee: Unarmed           |    81 |    86 |    58 ||   225
         Constrict         |    25 |     9 |     6 ||    40
         Tentacles         |    14 |     9 |     8 ||    31
         Kick              |    11 |     8 |       ||    19
         Punch             |     3 |       |     1 ||     4
   Cast: Beastly Appendage |    12 |     6 |       ||    18
         Spider Form       |       |     7 |     6 ||    13
         Wereblood         |       |     2 |     1 ||     3
    Use: Scroll            |     5 |     1 |     2 ||     8
         Potion            |       |       |     1 ||     1
   Stab: Sleeping          |     7 |     7 |     4 ||    18
 Armour: Skin              |     9 |    11 |     5 ||    25
  Dodge: Dodged            |    40 |    63 |    36 ||   139

Table legend: (Time is in decaauts)
 A = Elapsed time spent in this place.
 B = Non-inter-level travel time spent in this place.
 C = Inter-level travel time spent in this place.
 D = Time resting spent in this place.
 E = Time spent auto-exploring this place.
 F = Levels seen in this place.
 G = Mean time per level.
                   A        B        C        D        E       F      G
               +--------+--------+--------+--------+--------+-----+--------+
         Total |   4140 |   3932 |    208 |      0 |   3164 |   6 |  690.0 |
       Dungeon |   4140 |   3932 |    208 |      0 |   3164 |   6 |  690.0 |
               +--------+--------+--------+--------+--------+-----+--------+

Top non-repeatable levels by time:
     D:4: 992 daAuts
     D:1: 972 daAuts
     D:5: 740 daAuts
     D:3: 713 daAuts
     D:2: 639 daAuts
     D:6: 82 daAuts
